[Event "Titled Tuesday Blitz July 18 Early 2023"]
[White "Hajiyev, Kanan"]
[Black "Buscar, Michael"]
[WhiteFideId "13404148"]
[BlackFideId "2603616"]
[WhiteElo "2538"]
[BlackElo "2335"]
[Result "1-0"]
[Round "2"]
[TimeControl "180+2"]
[Date "2023.07.18"]
[WhiteClock "0:00:49"]
[BlackClock "0:00:27"]
[Board "145"]

1. d4 Nf6 2. Nf3 e6 3. c4 d5 4. cxd5 exd5 5. Nc3 c5 6. Qc2 Nc6 7. e3 cxd4 8. Nxd4 Nxd4 9. exd4 a6 10. Bg5 Be7 11. Bd3 h6 12. Bh4 Be6 13. O-O O-O 14. f4 Rc8 15. f5 Bd7 16. Rae1 Re8 17. h3 Qb6 18. Qf2 Qa5 19. Re5 Bd8 20. Bxf6 Bxf6 21. Rxd5 Qc7 22. Ne4 Rxe4 23. Bxe4 Bc6 24. Rc5 Qd6 25. Rc4 Bxe4 26. Rxc8+ Kh7 27. Rd1 Bd5 28. b3 Bg5 29. Re1 Qf6 30. Ree8 g6 31. fxg6+ fxg6 32. Rc7+ 1-0


[Site "https://www.chess.com"]

[Event "Titled Tuesday Blitz July 18 Early 2023"]
[White "Girya, Olga"]
[Black "Saucey, Michel"]
[WhiteFideId "4195752"]
[BlackFideId "601845"]
[WhiteElo "2536"]
[BlackElo "2325"]
[Result "1-0"]
[Round "2"]
[TimeControl "180+2"]
[Date "2023.07.18"]
[WhiteClock "0:00:14"]
[BlackClock "0:00:11"]
[Board "146"]

1. d4 d5 2. Nf3 Nf6 3. c4 e6 4. Nc3 Bb4 5. Qb3 c5 6. dxc5 Na6 7. Bg5 Qa5 8. Bxf6 gxf6 9. cxd5 Nxc5 10. Qc2 Na4 11. Rc1 Nxc3 12. bxc3 Ba3 13. Rb1 Bd7 14. dxe6 fxe6 15. e3 Rc8 16. Rb3 O-O 17. Bd3 Rxc3 18. Qxc3 Qxc3+ 19. Rxc3 Bb4 20. Kd2 Rc8 21. Rc1 e5 22. Be4 Be6 23. a3 Rd8+ 24. Ke2 Bxc3 25. Rxc3 Rd7 26. h3 Kg7 27. g4 h5 28. gxh5 Bxh3 29. Nh4 Kh6 30. Bf3 Kg5 31. Ng6 e4 32. Bxe4 Bg4+ 33. Bf3 Bxf3+ 34. Kxf3 Kxh5 35. Nf4+ 1-0


[Site "https://www.chess.com"]

[Event "Titled Tuesday Blitz July 18 Early 2023"]
[White "ArtemDyachuk"]
[Black "Okike, David"]
[BlackFideId "8500134"]
[WhiteElo "2526"]
[BlackElo "2324"]
[Result "1-0"]
[Round "2"]
[TimeControl "180+2"]
[Date "2023.07.18"]
[WhiteClock "0:00:05"]
[BlackClock "0:01:37"]
[Board "147"]

1. e4 c5 2. Nf3 Nc6 3. d4 cxd4 4. Nxd4 Nf6 5. Nc3 d6 6. Bg5 a6 7. Qd3 e6 8. O-O-O Bd7 9. Be2 Qb6 10. f4 Qxd4 11. Qxd4 Nxd4 12. Rxd4 Bc6 13. Bf3 e5 14. fxe5 dxe5 15. Rd3 Be7 16. Be3 O-O 17. g4 Rfd8 18. Rxd8+ Rxd8 19. g5 Ne8 20. Nd5 Bxd5 21. exd5 Nd6 22. h4 f5 23. gxf6 gxf6 24. Bh6 Kh8 25. b3 b5 26. Kd2 Rg8 27. Be3 Rg3 28. Rf1 f5 29. Be2 f4 30. Bf2 Rg2 31. Bf3 Rh2 32. Kd3 Bxh4 33. Bc5 Be7 34. c4 bxc4+ 35. bxc4 Rxa2 36. Rb1 Ra3+ 37. Bxa3 e4+ 38. Bxe4 Nxe4 39. Bxe7 Nf2+ 40. Kd4 Kg7 41. d6 Kf7 42. c5 Ke6 43. c6 Ng4 44. c7 Kd7 45. Rb8 1-0


[Site "https://www.chess.com"]

[Event "Titled Tuesday Blitz July 18 Early 2023"]
[White "kiwibobo"]
[Black "Marosi, Levente"]
[BlackFideId "747181"]
[WhiteElo "2324"]
[BlackElo "2519"]
[Result "0-1"]
[Round "2"]
[TimeControl "180+2"]
[Date "2023.07.18"]
[WhiteClock "0:00:17"]
[BlackClock "0:00:28"]
[Board "148"]

1. e4 c6 2. d4 d5 3. Nc3 dxe4 4. Nxe4 Bf5 5. Ng3 Bg6 6. h4 h6 7. Nf3 e6 8. Ne5 Bh7 9. Bd3 Bxd3 10. Qxd3 Nd7 11. Nxd7 Qxd7 12. Bf4 Nf6 13. O-O-O Bd6 14. Bxd6 Qxd6 15. Ne4 Qd5 16. Nxf6+ gxf6 17. c4 Qa5 18. Kb1 O-O-O 19. Qf3 f5 20. Rhe1 Rd7 21. Re5 Qb4 22. b3 Rhd8 23. d5 Qc5 24. Ree1 a5 25. dxe6 Rxd1+ 26. Rxd1 Rxd1+ 27. Qxd1 fxe6 28. Qe2 Kd7 29. Qd2+ Ke7 30. Qxh6 Qxf2 31. Qg7+ Kd6 32. h5 Qe1+ 33. Kb2 Qe2+ 34. Kc3 Qxh5 35. Qxb7 Qh8+ 36. Kc2 Qg8 37. c5+ Kxc5 38. Qa7+ Kd5 39. Qxa5+ Kd6 40. Qd2+ Kc7 41. Qf4+ Kd7 42. Qd4+ Ke7 43. Qc5+ Kf7 44. Qxc6 Qg3 45. a4 Qf2+ 46. Kc3 Qe3+ 47. Kb2 e5 48. a5 Qd2+ 49. Kb1 Qxa5 50. Qd7+ Kf6 51. Qd6+ Kg5 52. Qd2+ Qxd2 0-1


[Site "https://www.chess.com"]

[Event "Titled Tuesday Blitz July 18 Early 2023"]
[White "Garakov, Mikhael"]
[Black "EdmundPlayer"]
[WhiteFideId "4169034"]
[WhiteElo "2519"]
[BlackElo "2322"]
[Result "1-0"]
[Round "2"]
[TimeControl "180+2"]
[Date "2023.07.18"]
[WhiteClock "0:00:56"]
[BlackClock "0:00:00"]
[Board "149"]

1. e4 e5 2. Nf3 Nc6 3. Bb5 a6 4. Bxc6 dxc6 5. O-O Bg4 6. h3 h5 7. d3 Bd6 8. Be3 Qf6 9. Nbd2 Ne7 10. Re1 Bxf3 11. Nxf3 Ng6 12. d4 O-O-O 13. Bg5 Qe6 14. Bxd8 Rxd8 15. c3 Nf4 16. Nh4 g6 17. Qf3 Be7 18. Qg3 Qc4 19. Kh2 Nd3 20. b3 Qxc3 21. Rad1 Qxe1 22. Rxe1 Nxe1 23. dxe5 Nd3 24. Nf3 1-0


[Site "https://www.chess.com"]

[Event "Titled Tuesday Blitz July 18 Early 2023"]
[White "Andreassen, Lars"]
[Black "Bilan, Danila"]
[WhiteFideId "1504878"]
[BlackFideId "24161918"]
[WhiteElo "2320"]
[BlackElo "2518"]
[Result "0-1"]
[Round "2"]
[TimeControl "180+2"]
[Date "2023.07.18"]
[WhiteClock "0:00:00"]
[BlackClock "0:00:05"]
[Board "150"]

1. d4 d5 2. Nf3 Nf6 3. c4 c6 4. Nc3 e6 5. Bg5 Nbd7 6. e3 Qa5 7. Bxf6 Nxf6 8. a3 Ne4 9. Qc2 Bb4 10. Rc1 Bxc3+ 11. bxc3 Qxa3 12. Bd3 Nf6 13. O-O Qd6 14. c5 Qc7 15. Ne5 Nd7 16. f4 g6 17. g4 b6 18. cxb6 axb6 19. h4 Bb7 20. h5 f5 21. hxg6 Nxe5 22. fxe5 hxg6 23. Rf2 Qh7 24. Rh2 Qxh2+ 25. Qxh2 Rxh2 26. Kxh2 Ra2+ 27. Kg3 Ba6 28. Bxa6 Rxa6 29. gxf5 gxf5 30. Kf4 Ra3 31. Kg5 Kf7 32. Rh1 Kg7 33. Rh6 Rxc3 34. Rxe6 b5 35. Kxf5 b4 36. Rg6+ Kf8 37. e4 dxe4 38. Kxe4 b3 39. Rg1 Ke7 40. Rg7+ Ke6 41. Rg6+ Kd7 42. Rg1 b2 43. Rb1 Rb3 44. Kf5 Rb5 45. Kf6 Ke8 46. e6 Rb6 47. Rh1 Kd8 48. Rh8+ Kc7 49. Rh7+ Kb8 50. e7 c5+ 51. Kf7 Rb7 52. Rh1 cxd4 53. Rb1 d3 54. Rxb2 Rxb2 55. e8=Q+ Kb7 56. Qd7+ Ka6 57. Qxd3+ Rb5 58. Ke7 Kb6 59. Kd7 Rc5 60. Qd4 Kb5 0-1


[Site "https://www.chess.com"]

[Event "Titled Tuesday Blitz July 18 Early 2023"]
[White "Pourkashiyan, Atousa"]
[Black "Urbina Perez, Juan Antonio"]
[WhiteFideId "12502014"]
[BlackFideId "2217368"]
[WhiteElo "2313"]
[BlackElo "2518"]
[Result "1/2-1/2"]
[Round "2"]
[TimeControl "180+2"]
[Date "2023.07.18"]
[WhiteClock "0:00:13"]
[BlackClock "0:00:12"]
[Board "151"]

1. e4 d5 2. exd5 Qxd5 3. Nc3 Qd6 4. d4 Nf6 5. Nf3 a6 6. Bc4 b5 7. Bb3 c5 8. dxc5 Qxd1+ 9. Nxd1 e6 10. Be3 Bb7 11. O-O Nbd7 12. Nc3 Nxc5 13. Ne5 Be7 14. Rad1 O-O 15. Bxc5 Bxc5 16. Nd7 Nxd7 17. Rxd7 Bc6 18. Rc7 Rfc8 19. Rxc8+ Rxc8 20. Rd1 Kf8 21. Ne2 Ke7 22. c3 Rd8 23. Rxd8 Kxd8 24. Kf1 g6 25. f3 Ke7 26. Nf4 Be3 27. Nd3 Bb7 28. Ke2 Bg1 29. h3 Bb6 30. a4 Kd6 31. axb5 axb5 32. Nb4 f6 33. Bc2 f5 34. Bd3 Kc5 35. Nc2 e5 36. Na3 b4 37. Nc4 Bc7 38. Nd2 bxc3 39. bxc3 Bd5 40. c4 Bc6 41. Nb3+ Kb4 42. Nd2 Kc3 43. Nb1+ Kd4 44. Na3 Bb8 45. Nb5+ Kc5 46. Ke3 h5 47. Bf1 Kb4 48. Be2 h4 49. Bf1 g5 50. Bd3 f4+ 51. Kd2 Kc5 52. Nc3 Kd4 53. Ne2+ Kc5 54. Nc3 Bc7 55. Ne4+ Bxe4 56. Bxe4 Kd4 57. Bd5 Ba5+ 58. Ke2 Bb4 59. Be6 Bc5 60. Bd5 Bb4 61. Be6 e4 62. fxe4 Kxe4 63. Bd5+ Ke5 64. Kf3 Kf5 65. Be4+ Kf6 66. Bd5 Bc5 67. Be4 Ke5 68. Bd5 Kf6 69. Kg4 Bd4 70. Be4 Bc5 71. Bc2 Bd4 72. Kf3 Bc5 73. Ke4 Ke6 74. Bd1 Be3 75. Bg4+ Kd6 76. Kf5 Kc5 77. Be2 Kd4 78. Kg4 Kc5 79. Kf3 Kd4 80. Bf1 Kc5 81. Ke4 Bd2 82. Be2 Be3 83. Kd3 Bf2 84. Bf3 Be3 85. Bd5 Bc1 86. Ke4 Be3 87. Kf3 Bd2 88. Kg4 Be3 89. Kf3 Bd2 90. Be6 Be3 91. Bd5 1/2-1/2


[Site "https://www.chess.com"]

[Event "Titled Tuesday Blitz July 18 Early 2023"]
[White "ArchibaldCerveza29"]
[Black "Bendayan Claros, Aaron"]
[BlackFideId "3803392"]
[WhiteElo "2517"]
[BlackElo "2312"]
[Result "0-1"]
[Round "2"]
[TimeControl "180+2"]
[Date "2023.07.18"]
[WhiteClock "0:00:00"]
[BlackClock "0:00:35"]
[Board "152"]

1. d4 d5 2. c4 e6 3. Nc3 c6 4. e4 dxe4 5. Nxe4 Bb4+ 6. Nc3 Nf6 7. Nf3 O-O 8. Be2 c5 9. O-O Nc6 10. Be3 cxd4 11. Nxd4 Nxd4 12. Qxd4 Qxd4 13. Bxd4 a6 14. Bf3 Bd6 15. Rfd1 Bc7 16. b4 Re8 17. a4 e5 18. Bc5 e4 19. Be2 Bf5 20. h3 Rac8 21. g4 Bg6 22. g5 Nh5 23. Nd5 Be5 24. Ra3 Nf4 25. Bf1 Nxd5 26. Rxd5 h6 27. gxh6 gxh6 28. h4 Bf5 29. Be2 Kh7 30. Ra2 f6 31. Rad2 Rg8+ 32. Kh1 Bh3 33. Rd7+ Bxd7 34. Rxd7+ Rg7 35. Rxg7+ Kxg7 36. Kg2 f5 37. Bh5 Kf6 38. Kf1 Bc3 39. a5 Rg8 40. Ke2 Ke6 41. Ke3 Bf6 0-1


[Site "https://www.chess.com"]

[Event "Titled Tuesday Blitz July 18 Early 2023"]
[White "Vasques, Antonio Pedro Freixial"]
[Black "Ansh M Shah"]
[WhiteFideId "1908332"]
[BlackFideId "25033379"]
[WhiteElo "2310"]
[BlackElo "2516"]
[Result "1-0"]
[Round "2"]
[TimeControl "180+2"]
[Date "2023.07.18"]
[WhiteClock "0:00:19"]
[BlackClock "0:00:00"]
[Board "153"]

1. e4 c6 2. d4 d5 3. Nc3 dxe4 4. Nxe4 Nf6 5. Nxf6+ exf6 6. Nf3 Bd6 7. Bd3 O-O 8. Be3 Re8 9. Qd2 Nd7 10. O-O-O Nf8 11. Kb1 Bg4 12. Rdg1 Qc7 13. h3 Bxf3 14. gxf3 Ng6 15. Rg4 Qd7 16. h4 f5 17. h5 fxg4 18. hxg6 hxg6 19. fxg4 Qxg4 20. Bg5 Qf3 21. Rh4 Be7 22. b3 Bxg5 23. Qxg5 Qxf2 24. Bc4 Qf6 25. Qg3 b5 26. Rf4 Qd6 27. Bxf7+ Kf8 28. Bxg6+ Kg8 29. Bf7+ Kf8 30. Bd5+ Ke7 31. Rf7+ Kd8 32. Qxd6+ 1-0


[Site "https://www.chess.com"]

[Event "Titled Tuesday Blitz July 18 Early 2023"]
[White "Tifferet, Shaked"]
[Black "Shapiro, Daniel"]
[WhiteFideId "2811529"]
[BlackFideId "2001780"]
[WhiteElo "2514"]
[BlackElo "2304"]
[Result "0-1"]
[Round "2"]
[TimeControl "180+2"]
[Date "2023.07.18"]
[WhiteClock "0:01:09"]
[BlackClock "0:01:00"]
[Board "154"]

1. d4 Nf6 2. Bf4 b6 3. Nf3 Bb7 4. e3 e6 5. Bd3 d6 6. Nbd2 Nbd7 7. e4 Nh5 8. Be3 e5 9. Nxe5 dxe5 10. Qxh5 Bd6 11. c3 O-O 12. O-O Qe7 13. d5 a5 14. Nf3 Nf6 15. Qh4 h6 16. h3 Rfe8 17. Qg3 Kh8 18. Nh4 Bc8 19. f4 exf4 20. Qf2 fxe3 21. Qxe3 Nxd5 22. Qd2 Qxh4 23. exd5 Qg3 24. Rf3 Qh2+ 25. Kf2 Bc5+ 0-1


[Site "https://www.chess.com"]

[Event "Titled Tuesday Blitz July 18 Early 2023"]
[White "Horak, Martin"]
[Black "Cardozo Munar, Carlos Eduardo"]
[WhiteFideId "367095"]
[BlackFideId "4409477"]
[WhiteElo "2513"]
[BlackElo "2300"]
[Result "1-0"]
[Round "2"]
[TimeControl "180+2"]
[Date "2023.07.18"]
[WhiteClock "0:01:29"]
[BlackClock "0:01:12"]
[Board "155"]

1. e4 e6 2. d4 d5 3. Nc3 Nf6 4. e5 Nfd7 5. f4 c5 6. Nf3 Nc6 7. Be3 Qb6 8. Na4 Qc7 9. Nxc5 Nxd4 10. Nxd4 Nxc5 11. c3 Bd7 12. Bd3 Nxd3+ 13. Qxd3 Bc5 14. O-O g6 15. Rad1 a6 16. Bf2 b5 17. Bh4 Rc8 18. Bf6 O-O 19. Rf3 Rfe8 20. Rh3 h5 21. Rxh5 1-0


[Site "https://www.chess.com"]

[Event "Titled Tuesday Blitz July 18 Early 2023"]
[White "Wang, Alexander J"]
[Black "Yeritsyan, Hayk"]
[WhiteFideId "30955270"]
[BlackFideId "13307320"]
[WhiteElo "2297"]
[BlackElo "2512"]
[Result "0-1"]
[Round "2"]
[TimeControl "180+2"]
[Date "2023.07.18"]
[WhiteClock "0:00:12"]
[BlackClock "0:00:10"]
[Board "156"]

1. e4 c6 2. d4 d5 3. f3 e6 4. Nc3 Nf6 5. Be3 Be7 6. g3 O-O 7. Bg2 b5 8. a3 a5 9. h3 Ba6 10. e5 Nfd7 11. Nge2 c5 12. O-O cxd4 13. Bxd4 Nc6 14. f4 Nxd4 15. Nxd4 b4 16. Nce2 Qb6 17. Kh2 Rfc8 18. axb4 axb4 19. c3 bxc3 20. bxc3 Bc4 21. Qd2 Rxa1 22. Rxa1 Rb8 23. f5 Nxe5 24. fxe6 fxe6 25. Nf4 Bg5 26. Qe1 Qb2 27. Kh1 Bf6 28. Ndxe6 Re8 29. Rd1 Kf7 30. Nxd5 Rxe6 31. Nf4 Re7 32. Nd5 Bxd5 33. Bxd5+ Kf8 34. Qg1 g6 35. Bg2 Kg7 36. Qf1 Qxc3 37. Rd6 Nc4 38. Rd1 Ne3 39. Qg1 Nxd1 40. Qxd1 Qe1+ 41. Qxe1 Rxe1+ 42. Kh2 Be5 43. h4 Re3 44. Kh3 Rxg3+ 45. Kh2 Rxg2+ 46. Kxg2 Kf6 47. Kh3 h5 48. Kg2 0-1


[Site "https://www.chess.com"]

[Event "Titled Tuesday Blitz July 18 Early 2023"]
[White "Zaksaite, Salomeja"]
[Black "Santos Flores, Alberto"]
[WhiteFideId "12801496"]
[BlackFideId "3601234"]
[WhiteElo "2292"]
[BlackElo "2511"]
[Result "0-1"]
[Round "2"]
[TimeControl "180+2"]
[Date "2023.07.18"]
[WhiteClock "0:00:00"]
[BlackClock "0:00:38"]
[Board "157"]

1. d4 d5 2. Nc3 e6 3. Bf4 a6 4. e3 Nf6 5. Nf3 c5 6. Ne5 Nc6 7. Be2 Qb6 8. Na4 Qa5+ 9. c3 cxd4 10. Nxc6 bxc6 11. exd4 Bd7 12. O-O c5 13. Nxc5 Bxc5 14. dxc5 Qxc5 15. Qd4 Qxd4 16. cxd4 Bb5 17. Rfe1 Kd7 18. Bf3 Rhc8 19. Rec1 Bd3 20. Be5 a5 21. g4 h6 22. Rd1 Ba6 23. Rd2 Ne8 24. Be2 Bxe2 25. Rxe2 a4 26. f3 Rc4 27. Kf2 Ra7 28. Ke3 Rb7 29. Rb1 f6 30. Bg3 Rcb4 31. h4 Nd6 32. Bxd6 Kxd6 33. h5 e5 34. dxe5+ fxe5 35. Kd3 Rf7 36. Rf2 Rxg4 37. Ke3 Rgf4 38. Rg1 e4 39. Rg6+ Kc5 40. Rc2+ Kb5 41. fxe4 Rxe4+ 42. Kd3 Rf3+ 43. Kd2 Rf2+ 44. Kd3 Rxc2 45. Kxc2 Re5 46. Rxg7 Rxh5 47. Kd3 Rh2 48. Kc3 Kc5 49. Rh7 d4+ 50. Kd3 Rh3+ 51. Kd2 h5 52. Rc7+ Kd5 53. Ra7 Ke4 54. Re7+ Kd5 55. Rd7+ Ke5 56. Re7+ Kf4 0-1


[Site "https://www.chess.com"]

[Event "Titled Tuesday Blitz July 18 Early 2023"]
[White "Berezin, Viktor"]
[Black "Freile Martin, Javier"]
[WhiteFideId "14107872"]
[BlackFideId "3600165"]
[WhiteElo "2509"]
[BlackElo "2290"]
[Result "1-0"]
[Round "2"]
[TimeControl "180+2"]
[Date "2023.07.18"]
[WhiteClock "0:00:29"]
[BlackClock "0:00:00"]
[Board "158"]

1. d4 Nf6 2. Nf3 g6 3. g3 d6 4. Bg2 Bg7 5. O-O O-O 6. a4 a5 7. Na3 Na6 8. Nc4 c6 9. b3 Be6 10. Ne3 Nd5 11. Nxd5 Bxd5 12. Bb2 Nc7 13. Re1 Be4 14. Nh4 Bxg2 15. Nxg2 d5 16. e4 dxe4 17. Rxe4 e6 18. h4 Nd5 19. Qf3 c5 20. Rd1 Rc8 21. c4 Nb4 22. dxc5 Bxb2 23. Rxd8 Rfxd8 24. h5 Rxc5 25. hxg6 hxg6 26. Nh4 Nc6 27. Qe3 Bd4 28. Qf3 Kg7 29. Rf4 Ne5 30. Qxb7 g5 31. Qe7 gxf4 32. Qxd8 Nc6 33. Qd6 fxg3 34. Qxg3+ Kf8 35. Nf3 Bf6 36. Qc7 Be7 37. Kf1 1-0


[Site "https://www.chess.com"]

[Event "Titled Tuesday Blitz July 18 Early 2023"]
[White "Vyatkin, Dmitry"]
[Black "Travadon, Loic"]
[WhiteFideId "4171900"]
[BlackFideId "26092131"]
[WhiteElo "2507"]
[BlackElo "2290"]
[Result "1-0"]
[Round "2"]
[TimeControl "180+2"]
[Date "2023.07.18"]
[WhiteClock "0:01:36"]
[BlackClock "0:00:26"]
[Board "159"]

1. d4 d5 2. c4 e6 3. Nf3 Nf6 4. g3 Bb4+ 5. Bd2 Be7 6. Bg2 O-O 7. O-O dxc4 8. Qa4 a6 9. Qxc4 b5 10. Qc2 Bb7 11. Ba5 Nc6 12. Bd2 Nb8 13. Rc1 Bd6 14. b4 Nbd7 15. a3 Ra7 16. Nc3 Qa8 17. Ne1 Bxg2 18. Nxg2 Rc8 19. e4 a5 20. Nxb5 axb4 21. Nxa7 b3 22. Qxb3 Qxa7 23. e5 Qxd4 24. Bc3 1-0


[Site "https://www.chess.com"]

[Event "Titled Tuesday Blitz July 18 Early 2023"]
[White "lgabi"]
[Black "Novikov, Evgenij"]
[BlackFideId "4125380"]
[WhiteElo "2287"]
[BlackElo "2507"]
[Result "0-1"]
[Round "2"]
[TimeControl "180+2"]
[Date "2023.07.18"]
[WhiteClock "0:01:03"]
[BlackClock "0:00:41"]
[Board "160"]

1. e4 c6 2. Nf3 d5 3. exd5 cxd5 4. Ne5 Nc6 5. Bb5 Bd7 6. Nxd7 Qxd7 7. d4 Nf6 8. c3 e6 9. Bf4 Bd6 10. Bxd6 Qxd6 11. Nd2 O-O 12. O-O e5 13. dxe5 Nxe5 14. Nf3 Nxf3+ 15. Qxf3 Qb6 16. Qe2 a6 17. Ba4 d4 18. c4 Qb4 19. Bc2 Rfe8 20. Qd3 Qxb2 21. Rab1 Qxa2 22. Rxb7 Rac8 23. Bb3 Qe2 24. Qxd4 Rcd8 25. Qa7 Ne4 26. Rxf7 Qxf1+ 27. Kxf1 Nd2+ 28. Kg1 Re1# 0-1


[Site "https://www.chess.com"]

[Event "Titled Tuesday Blitz July 18 Early 2023"]
[White "Philippe, Guillaume"]
[Black "Spichkin, Alexander"]
[WhiteFideId "36048763"]
[BlackFideId "4144074"]
[WhiteElo "2507"]
[BlackElo "2281"]
[Result "1-0"]
[Round "2"]
[TimeControl "180+2"]
[Date "2023.07.18"]
[WhiteClock "0:01:32"]
[BlackClock "0:02:17"]
[Board "161"]

1. e4 e5 2. Nf3 d5 3. exd5 e4 4. Ne5 Qxd5 5. Nc4 Bf5 6. Ne3 Qe6 7. Bc4 Qg6 8. O-O Nd7 9. Nc3 Ngf6 10. d3 O-O-O 11. Nxf5 Qxf5 12. Be3 Ne5 13. Qe2 Nxc4 14. dxc4 Bd6 15. Nb5 Bxh2+ 16. Kxh2 Ng4+ 17. Kg1 Qe5 18. Qxg4+ f5 19. Qf4 Qf6 20. Qxc7# 1-0


[Site "https://www.chess.com"]

[Event "Titled Tuesday Blitz July 18 Early 2023"]
[White "Mikhaylova, Irina"]
[Black "AdvanceGuard4"]
[WhiteFideId "4109040"]
[WhiteElo "2279"]
[BlackElo "2506"]
[Result "1-0"]
[Round "2"]
[TimeControl "180+2"]
[Date "2023.07.18"]
[WhiteClock "0:00:12"]
[BlackClock "0:00:03"]
[Board "162"]

1. d4 Nf6 2. Nf3 g6 3. c4 Bg7 4. Nc3 O-O 5. e4 d6 6. Be2 e5 7. dxe5 dxe5 8. Qxd8 Rxd8 9. Bg5 c6 10. Nxe5 Re8 11. O-O-O Na6 12. Rd6 Nxe4 13. Nxe4 Bxe5 14. Nf6+ Bxf6 15. Bxf6 Bf5 16. Bf3 Nb4 17. g4 Nxa2+ 18. Kd2 Re6 19. c5 Rxd6+ 20. cxd6 Be6 21. h4 Nb4 22. h5 Na6 23. b4 Nxb4 24. Rb1 a5 25. hxg6 fxg6 26. Kc3 h6 27. g5 hxg5 28. Be4 Rf8 29. Bxg5 Bf5 30. Kd4 Bd7 31. f4 Kf7 32. Kc5 Ke6 33. Bxg6 Rb8 34. f5+ Ke5 35. Re1# 1-0


[Site "https://www.chess.com"]

[Event "Titled Tuesday Blitz July 18 Early 2023"]
[White "MFatigue"]
[Black "Magallanes, Rey Jomar"]
[BlackFideId "5205948"]
[WhiteElo "2506"]
[BlackElo "2277"]
[Result "1-0"]
[Round "2"]
[TimeControl "180+2"]
[Date "2023.07.18"]
[WhiteClock "0:02:38"]
[BlackClock "0:02:37"]
[Board "163"]

1. e4 c5 2. a3 d6 3. b4 b6 4. Bb2 Bb7 5. Nc3 Nf6 6. f3 e5 7. Bc4 Nc6 8. b5 Ne7 9. Nge2 d5 10. exd5 Nexd5 11. O-O Bd6 12. Ne4 Nxe4 13. fxe4 Nf6 14. d3 O-O 15. Ng3 Bc8 16. Qf3 Bg4 17. Qf2 a6 18. a4 axb5 19. axb5 Qd7 20. Bc3 Nh5 21. Rxa8 Rxa8 22. Bxf7+ Kh8 23. Bxh5 Bxh5 24. Nxh5 1-0


[Site "https://www.chess.com"]

[Event "Titled Tuesday Blitz July 18 Early 2023"]
[White "SicilianPanzer"]
[Black "Estrada Nieto, Julian"]
[BlackFideId "5101018"]
[WhiteElo "2276"]
[BlackElo "2506"]
[Result "0-1"]
[Round "2"]
[TimeControl "180+2"]
[Date "2023.07.18"]
[WhiteClock "0:00:02"]
[BlackClock "0:00:09"]
[Board "164"]

1. e4 e5 2. Nc3 Nf6 3. Bc4 Nc6 4. d3 Bc5 5. f4 exf4 6. Bxf4 d6 7. Nf3 Nd4 8. Qd2 c6 9. O-O-O O-O 10. Nxd4 Bxd4 11. Ne2 Be5 12. Rdf1 Bxf4 13. Nxf4 d5 14. exd5 cxd5 15. Bb3 Be6 16. h3 Qd6 17. g4 Rac8 18. Qg2 Rc5 19. g5 Nd7 20. h4 Nb6 21. h5 a5 22. c3 a4 23. Bc2 d4 24. Nxe6 Qxe6 25. Qxb7 dxc3 26. bxc3 Rxc3 27. Rf2 Rfc8 28. Kd1 Nd5 29. Re1 Ne3+ 30. Rxe3 Qxa2 31. Qb4 Qa1+ 32. Kd2 Rxc2# 0-1


[Site "https://www.chess.com"]

[Event "Titled Tuesday Blitz July 18 Early 2023"]
[White "Droin, Augustin"]
[Black "Zampronha, Wladimir Camilo"]
[WhiteFideId "45105987"]
[BlackFideId "2103087"]
[WhiteElo "2505"]
[BlackElo "2276"]
[Result "1-0"]
[Round "2"]
[TimeControl "180+2"]
[Date "2023.07.18"]
[WhiteClock "0:02:05"]
[BlackClock "0:00:00"]
[Board "165"]

1. e4 c5 2. Nf3 e6 3. d4 cxd4 4. Nxd4 Nf6 5. Nc3 d6 6. g4 h6 7. Rg1 Nc6 8. Be3 a6 9. h4 d5 10. exd5 Nxd5 11. Nxd5 Qxd5 12. Bg2 Qa5+ 13. c3 Ne5 14. Qe2 Qc7 15. O-O-O Bd7 16. Kb1 Nc4 17. Bc1 Rc8 18. f4 Be7 19. f5 e5 20. Nf3 1-0


[Site "https://www.chess.com"]

[Event "Titled Tuesday Blitz July 18 Early 2023"]
[White "arturdailima"]
[Black "LeoLV10"]
[WhiteElo "2276"]
[BlackElo "2504"]
[Result "0-1"]
[Round "2"]
[TimeControl "180+2"]
[Date "2023.07.18"]
[WhiteClock "0:00:29"]
[BlackClock "0:00:11"]
[Board "166"]

1. e4 c6 2. d4 d5 3. exd5 cxd5 4. c4 Nf6 5. Nc3 Nc6 6. Bg5 e6 7. Nf3 Be7 8. cxd5 exd5 9. h3 O-O 10. Bd3 h6 11. Bh4 Re8 12. O-O Be6 13. Re1 Qb6 14. Na4 Qb4 15. a3 Qd6 16. Nc5 Nxd4 17. Nxd4 Qxc5 18. Nxe6 fxe6 19. Rxe6 Ne4 20. Bxe7 Rxe7 21. Bxe4 dxe4 22. Qb3 Kh8 23. Re1 Rf8 24. Re2 Qc1+ 25. Kh2 Qc7+ 26. g3 Ref7 27. Qe3 Rf3 28. Qd4 e3 29. Rxh6+ Kg8 30. Qd5+ R8f7 31. Re6 Rxf2+ 0-1


[Site "https://www.chess.com"]

[Event "Titled Tuesday Blitz July 18 Early 2023"]
[White "Ardila, Oscar Humberto"]
[Black "ElenGajger"]
[WhiteFideId "4404742"]
[WhiteElo "2272"]
[BlackElo "2503"]
[Result "0-1"]
[Round "2"]
[TimeControl "180+2"]
[Date "2023.07.18"]
[WhiteClock "0:00:37"]
[BlackClock "0:01:17"]
[Board "167"]

1. d4 Nf6 2. c4 g6 3. Nc3 d5 4. cxd5 Nxd5 5. e4 Nxc3 6. bxc3 Bg7 7. Bc4 c5 8. Ne2 O-O 9. O-O Nc6 10. Be3 Bg4 11. f3 Na5 12. Bd3 cxd4 13. cxd4 Be6 14. d5 Bxa1 15. Qxa1 f6 16. Bh6 Re8 17. Nf4 Bd7 18. Kh1 Rc8 19. e5 Nc4 20. e6 Ba4 21. Qe1 Ne5 22. Qg3 Bc2 23. Be4 Qa5 24. h4 Bxe4 25. fxe4 Qc3 26. Qxc3 Rxc3 27. Ne2 Rc4 28. Ng3 Rec8 29. Bf4 Ng4 30. Rb1 b6 31. d6 exd6 32. Bxd6 Rc1+ 0-1


[Site "https://www.chess.com"]

[Event "Titled Tuesday Blitz July 18 Early 2023"]
[White "Michalczak, Thomas"]
[Black "Boder, Jan"]
[WhiteFideId "4622634"]
[BlackFideId "16243226"]
[WhiteElo "2501"]
[BlackElo "2269"]
[Result "1-0"]
[Round "2"]
[TimeControl "180+2"]
[Date "2023.07.18"]
[WhiteClock "0:00:21"]
[BlackClock "0:00:06"]
[Board "168"]

1. e4 e5 2. Nf3 Nc6 3. Bb5 a6 4. Ba4 Nf6 5. O-O Be7 6. Re1 b5 7. Bb3 O-O 8. c3 d5 9. exd5 Nxd5 10. Nxe5 Nxe5 11. Rxe5 c6 12. d4 Bd6 13. Re1 Qh4 14. g3 Qh3 15. Be3 Ra7 16. a4 Re7 17. Bxd5 cxd5 18. Qf3 Rfe8 19. axb5 axb5 20. Nd2 h5 21. Ra8 h4 22. Qg2 Qf5 23. Qf3 Qg6 24. Nf1 hxg3 25. hxg3 Bf5 26. Rxe8+ Rxe8 27. Qxd5 Re4 28. Bd2 Rxe1 29. Bxe1 Be4 30. Qxb5 Kh7 31. Qe2 Bd3 32. Qf3 Be4 33. Qe3 Bf5 34. Nd2 f6 35. Nf3 Be4 36. Nh4 Qg4 37. f3 Bxf3 38. Qxf3 Qh3 39. Nf5 Bc7 40. Qh1 Qxh1+ 41. Kxh1 Kg6 42. Kg2 Kxf5 43. Bf2 Ke4 44. c4 Kd3 45. c5 Kc4 46. Kf3 f5 47. b3+ Kxb3 48. d5 Kc4 49. d6 Bd8 50. c6 Kd5 51. c7 g5 52. cxd8=Q g4+ 53. Kf4 Ke6 54. Qg5 Kd5 55. Qxf5+ Kc6 56. Qxg4 Kxd6 57. Qf5 Ke7 58. g4 Ke8 59. g5 Ke7 60. g6 1-0


[Site "https://www.chess.com"]